 Dungeon Crawl Stone Soup version 0.27-a0-96-gb51a1d6fd6 (webtiles) character file.

Game seed: 6805802981540509468

5940 Murumi the Thrower (level 10, -11/102 HPs)
             Began as an Ogre Conjurer on Jan 19, 2021.
             Was a Priest of Okawaru.
             Hit by a boomerang thrown by an orc warrior (16 damage)
             ... on level 10 of the Dungeon.
             The game lasted 00:43:26 (14921 turns).

Murumi the Thrower (Ogre Conjurer)                 Turns: 14921, Time: 00:43:27

Health: -11/102    AC:  4    Str: 16    XL:     10   Next: 83%
Magic:  12/14      EV: 12    Int: 19    God:    Okawaru [***...]
Gold:   447        SH:  5    Dex:  7    Spells: 12/15 levels left

rFire    . . .     SeeInvis +   f - +7 flail (vorpal)
rCold    . . .     Faith    .   (no shield)
rNeg     . . .     Spirit   .   a - +1 robe
rPois    .         Reflect  +   i - +0 hat
rElec    .         Harm     .   n - scarf {+Inv}
rCorr    .         Rampage  .   (gloves unavailable)
Will     +....                  (boots unavailable)
Stlth    ++++......             z - amulet of reflection
HPRegen  0.27/turn              t - ring of see invisible
MPRegen  0.14/turn              x - ring of wizardry

@: heroism
A: large, unfitting armour, tough skin 1
a: Renounce Religion, Evoke Invisibility, Heroism


You were on level 10 of the Dungeon.
You worshipped Okawaru.
Okawaru was most pleased with you.
You visited 1 branch of the dungeon, and saw 10 of its levels.

You collected 651 gold pieces.
You spent 204 gold pieces at shops.

Inventory:

Hand Weapons
 f - a +7 vorpal flail (weapon)
 j - a +0 whip of flaming
 s - a +3 flail of holy wrath
 y - a +0 giant spiked club
Missiles
 d - 331 stones
 k - 18 poisoned darts
 q - 11 boomerangs
 E - 4 javelins (quivered)
Armour
 a - a +1 robe (worn)
 i - a +0 hat (worn)
 n - a scarf of invisibility (worn)
Jewellery
 t - a ring of see invisible (left hand)
 x - a ring of wizardry (right hand)
 z - an amulet of reflection (around neck)
 F - an uncursed ring of willpower
Wands
 h - a wand of flame (41)
 l - a wand of paralysis (11)
 r - a wand of random effects (33)
 D - a wand of digging (5)
Scrolls
 e - 2 scrolls of blinking
 g - 3 scrolls of teleportation
 B - 2 scrolls of remove curse
 C - a scroll of magic mapping
 G - a scroll of identify
Potions
 b - 2 potions of curing
 c - a potion of flight
 m - a potion of heal wounds
 o - 2 potions of resistance
 p - a potion of ambrosia
 u - a potion of brilliance
 v - 3 potions of might
 w - a potion of mutation
 A - a potion of lignification


   Skills:
 - Level 7.0(12.0) Fighting
 + Level 7.9(12.9) Maces & Flails
 - Level 9.0(14.0) Throwing
 - Level 3.0(8.0) Dodging
 - Level 6.0(11.0) Stealth
 - Level 3.0 Spellcasting
 - Level 4.0 Conjurations
 - Level 2.0 Invocations
 - Level 1.0 Evocations


You had 12 spell levels left.
You knew the following spells:

 Your Spells              Type           Power        Failure   Level
a - Magic Dart            Conj           72%          1%          1
b - Searing Ray           Conj           36%          1%          2

Your spell library contained the following spells:

 Spells                   Type           Power        Failure   Level
 Animate Skeleton         Necr           4%           6%          1
 Beastly Appendage        Tmut           4%           6%          1
 Pain                     Necr           8%           6%          1
 Wereblood                Tmut           2%           9%          2
 Dazzling Flash           Conj/Hex       20%          9%          3
 Confusing Touch          Hex            2%           17%         3
 Gell's Gravitas          Tloc           1%           17%         3
 Spider Form              Tmut/Pois      1%           17%         3
 Vampiric Draining        Necr           1%           17%         3
 Fulminant Prism          Conj/Hex       5%           26%         4
 Iskenderun's Mystic Bla  Conj/Tloc      10%          26%         4
 Animate Dead             Necr           1%           50%         4
 Ice Form                 Ice/Tmut       2%           50%         4
 Petrify                  Tmut/Erth      2%           50%         4
 Agony                    Necr           2%           82%         5
 Blade Hands              Tmut           1%           82%         5
 Metabolic Englaciation   Hex/Ice        1%           82%         5
 Yara's Violent Unravell  Hex/Tmut       1%           82%         5


Dungeon Overview and Level Annotations

Branches:
Dungeon (10/15)            Temple (0/1) D:7            Lair (0/6) D:8
    Orc: D:9-12

Altars:
Dithmenos
Fedhas
Gozag
Makhleb
Nemelex Xobeh
Okawaru
Qazlal
Uskayaw
Xom
Yredelemnul

Shops:
D:4 =


Innate Abilities, Weirdness & Mutations

You are too large for most types of armour.
You have tough skin. (AC +1)


Message History

* * * LOW HITPOINT WARNING * * *
The weapon returns to the orc warrior!
Throw: 6 javelins
Press: ? - help, Q - select action, (/) - cycle Shift-Dir - straight line, f/p - orc warrior
Aim: an orc warrior, wielding a +0 scimitar, wearing a +0 plate armour and quivering 4 boomerangs (moderately wounded, extremely poisoned)
Okay, then.
Throw: 6 javelins
Press: ? - help, Q - select action, (/) - cycle Shift-Dir - straight line, f/p - orc warrior
Aim: an orc warrior, wielding a +0 scimitar, wearing a +0 plate armour and quivering 4 boomerangs (moderately wounded, extremely poisoned)
You throw a javelin.
The javelin pierces through the orc warrior!
The orc warrior is heavily wounded.
Okay, then.
Throw: 5 javelins
Press: ? - help, Q - select action, (/) - cycle Shift-Dir - straight line, f/p - orc warrior
Aim: an orc warrior, wielding a +0 scimitar, wearing a +0 plate armour and quivering 4 boomerangs (heavily wounded, extremely poisoned)
You throw a javelin.
The javelin closely misses the orc warrior.
The orc warrior throws a boomerang.
The boomerang hits you!
You die...

#.# #..# #.# #.o#
#.# .... #.# #..#
#.## #..# #..
#..# #.# #..#
#(#######..#
#.o(((.@...#
#.#######.#####.#
#................
###.#####.#####.#
#.# #.# #<# #.#
##.## ..#
#####)..###...
#............#


You could see an orc warrior (extremely poisoned).

Vanquished Creatures
  A troll (D:9)
  A slime creature (D:9)
  A vampire (D:9)
  2 wyverns (D:8)
  A soldier ant (D:10)
  4 water moccasins
  Duvessa (D:6)
  An orc warrior (D:10)
  A necrophage (D:6)
  2 ice beasts
  4 black bears
  2 sky beasts
  4 ogres
  An eye of draining (D:8)
  2 phantoms
  7 centaurs
  2 wolves (D:8)
  4 bullfrogs
  Dowan (D:6)
  A wyvern skeleton (D:9)
  5 scorpions
  3 killer bees (D:7)
  7 wights
  4 howler monkeys
  A crimson imp (D:3)
  4 bullfrog zombies
  A bullfrog skeleton (D:5)
  A hound (D:5)
  5 jellies
  A centaur skeleton (D:10)
  3 iguanas
  Natasha (thrice) (D:2)
  An orc wizard (D:4)
  4 worker ants
  A hound zombie (D:6)
  A hound skeleton (D:9)
  Robin (D:3)
  6 gnolls
  8 adders
  3 shadow imps
  2 white imps
  4 ufetubi
  An ooze (D:3)
  2 adder zombies
  An adder skeleton (D:4)
  A worm (D:3)
  4 leopard geckos
  24 orcs
  6 bats
  2 giant cockroaches (D:1)
  19 goblins
  13 hobgoblins
  11 jackals
  5 quokkas
  4 ball pythons
  6 frilled lizards
  A jackal zombie (D:6)
  9 kobolds
  2 leopard gecko skeletons
  5 rats
228 creatures vanquished.

Vanquished Creatures (others)
  9 fungi (D:8)
  25 plants (D:8)
  5 toadstools (D:8)
39 creatures vanquished.

Grand Total: 267 creatures vanquished

Notes
Turn   | Place    | Note
-------+----------+-------------------------------------------
     0 | D:1      | Murumi the Ogre Conjurer began the quest for the Orb.
     0 | D:1      | Reached XP level 1. HP: 16/16 MP: 3/3
   458 | D:1      | Reached XP level 2. HP: 24/24 MP: 1/5
   461 | D:1      | Learned a level 2 spell: Searing Ray
  1205 | D:1      | Reached XP level 3. HP: 31/31 MP: 4/7
  1486 | D:2      | Found a hide-covered altar of Uskayaw.
  1611 | D:2      | Reached skill level 1 in Throwing
  1973 | D:2      | Noticed Natasha
  1981 | D:2      | Reached skill level 1 in Maces & Flails
  1982 | D:2      | Killed Natasha
  1983 | D:2      | Reached skill level 1 in Fighting
  1983 | D:2      | Reached XP level 4. HP: 22/41 MP: 3/8
  2224 | D:2      | Reached skill level 2 in Throwing
  2518 | D:2      | Noticed Natasha
  2523 | D:2      | Killed Natasha
  2524 | D:2      | Reached XP level 5. HP: 48/48 MP: 4/9
  2530 | D:2      | Noticed Natasha
  2543 | D:2      | Killed Natasha
  2946 | D:3      | Found a shadowy altar of Dithmenos.
  3388 | D:3      | Found a burning altar of Makhleb.
  3392 | D:3      | Reached skill level 3 in Throwing
  3525 | D:3      | Noticed Robin
  3527 | D:3      | Reached XP level 6. HP: 57/57 MP: 5/10
  3532 | D:3      | Killed Robin
  4085 | D:3      | Found a shimmering altar of Xom.
  4381 | D:4      | Found an opulent altar of Gozag.
  4815 | D:4      | Reached skill level 4 in Throwing
  5083 | D:4      | Found a basalt altar of Yredelemnul.
  5083 | D:4      | Found a stormy altar of Qazlal.
  5290 | D:4      | Found Woir's Jewellery Shoppe.
  5294 | D:4      | Bought a cursed amulet of inaccuracy for 24 gold pieces
  5294 | D:4      | Bought an uncursed ring of see invisible for 180 gold
                  | pieces
  5319 | D:4      | Reached XP level 7. HP: 46/67 MP: 6/11
  5733 | D:5      | Entered Level 5 of the Dungeon
  7032 | D:6      | Reached skill level 1 in Evocations
  7190 | D:6      | Reached XP level 8. HP: 72/78 MP: 12/12
  7202 | D:6      | Reached skill level 5 in Throwing
  7255 | D:6      | Noticed Duvessa
  7269 | D:6      | Killed Duvessa
  7283 | D:6      | Noticed Dowan
  7290 | D:6      | Killed Dowan
  7764 | D:6      | Reached skill level 5 in Maces & Flails
  8469 | D:6      | Reached skill level 6 in Throwing
  8512 | D:7      | Reached skill level 5 in Fighting
  8881 | D:7      | Reached XP level 9. HP: 75/88 MP: 4/13
  8886 | D:7      | Reached skill level 7 in Throwing
  9326 | D:7      | Found an iron altar of Okawaru.
  9336 | D:7      | Became a worshipper of Warmaster Okawaru
  9696 | D:7      | Reached skill level 1 in Invocations
  9992 | D:7      | Found a staircase to the Ecumenical Temple.
 10152 | D:8      | Found a staircase to the Lair.
 10163 | D:8      | Reached skill level 5 in Stealth
 10183 | D:8      | Reached * piety under Okawaru
 10716 | D:8      | Reached skill level 8 in Throwing
 10716 | D:8      | Reached XP level 10. HP: 46/98 MP: 8/14
 11339 | D:8      | Reached ** piety under Okawaru
 12495 | D:9      | HP: 4/102 [vampire (6)]
 13570 | D:9      | Reached *** piety under Okawaru
 13678 | D:9      | Found a sparkling altar of Nemelex Xobeh.
 13678 | D:9      | Found a blossoming altar of Fedhas.
 13886 | D:10     | Entered Level 10 of the Dungeon
 14331 | D:10     | Reached skill level 9 in Throwing
 14919 | D:10     | HP: 5/102 [orc warrior/boomerang (18)]
 14921 | D:10     | Hit by a boomerang thrown by an orc warrior

Illustrated notes

Levels and vault maps discovered:
D:1:      dpeg_arrival_arbitrary_b, layout_loops_ring, minmay_misc_feat_doors,
          minmay_pentomino_o4
D:2:      layout_basic, general_overflow_altar, minivault_23, uniq_natasha
D:3:      layout_basic, xom_teletrap_fun, makhleb_grotto_becter,
          nicolae_overflow_hidden_temple, uniq_robin
D:4:      layout_loops_cross, overflow_temple_1_default,
          gammafunk_temple_overflow_statue, serial_shops, shop,
          corexii_hall_statues_t, grunt_decor_resistance, eino_tiny_chamber,
          grunt_ministairs_12
D:5:      layout_cave_pools
D:6:      minmay_chambers_of_threes, layout_layer_cave, uniq_duvessa
D:7:      layout_basic, minmay_temple_entry_enclosed_plants,
          minmay_misc_feat_diagonals, okawaru_trees_2
D:8:      layout_loops_ring, minmay_lair_entry_grove, minmay_gold_behind_fungi,
          minmay_misc_feat_rows
D:9:      layout_irregular_city, gammafunk_temple_overflow_elements,
          minmay_checkerbox
D:10:     layout_loops_ring

Skill      XL: |  1  2  3  4  5  6  7  8  9 10 |
---------------+-------------------------------+-----
Conjurations   | 4 |  4.0
Spellcasting   | 3 |  3.0
Dodging        | 2 3 |  3.0
Stealth        | 2 3 4 5 6 |  6.0
Throwing       | 1 2 3 4 6 8 9 |  9.0
Maces & Flails | 1 2 3 4 5 6 7 |  7.9
Fighting       | 1 2 3 4 5 6 7 |  7.0
Evocations     | 1 |  1.0
Invocations    | 2 |  2.0

Action                   |  1- 3 |  4- 6 |  7- 9 | 10-12 || total
-------------------------+-------+-------+-------+-------++-------
Melee: Unarmed           |     9 |       |       |       ||     9
       Club              |     5 |       |       |       ||     5
       Whip              |       |    30 |       |       ||    30
       Flail             |       |    16 |   155 |   148 ||   319
Throw: Stone             |     4 |    28 |   110 |   193 ||   335
       Dart              |       |     9 |    48 |     6 ||    63
       Boomerang         |       |       |    10 |       ||    10
       Javelin           |       |       |       |     6 ||     6
 Cast: Magic Dart        |    70 |    58 |       |       ||   128
       Searing Ray       |     5 |    18 |    28 |     9 ||    60
Invok: Heroism           |       |       |       |     3 ||     3
  Use: Scroll            |     5 |     7 |    10 |     5 ||    27
       Potion            |       |       |     2 |     1 ||     3
 Stab: Sleeping          |       |       |     3 |     2 ||     5
Armor: Robe              |     4 |    12 |    38 |    26 ||    80
Dodge: Dodged            |    11 |    34 |   104 |    79 ||   228
Block: Other             |       |       |    18 |    25 ||    43
       Reflection        |       |       |       |     3 ||     3

Table legend: (Time is in decaauts)
 A = Elapsed time spent in this place.
 B = Non-inter-level travel time spent in this place.
 C = Inter-level travel time spent in this place.
 D = Time resting spent in this place.
 E = Time spent auto-exploring this place.
 F = Levels seen in this place.
 G = Mean time per level.
                   A        B        C        D        E       F      G
               +--------+--------+--------+--------+--------+-----+--------+
         Total |  14873 |  13949 |    924 |   1054 |  11186 |  10 | 1487.3 |
       Dungeon |  14873 |  13949 |    924 |   1054 |  11186 |  10 | 1487.3 |
               +--------+--------+--------+--------+--------+-----+--------+

Top non-repeatable levels by time:
     D:8: 2172 daAuts
     D:7: 1950 daAuts
     D:4: 1608 daAuts
     D:9: 1585 daAuts
     D:6: 1490 daAuts
     D:2: 1448 daAuts
     D:3: 1423 daAuts
     D:1: 1364 daAuts
     D:5: 1160 daAuts
    D:10: 670 daAuts
